 Dungeon Crawl Stone Soup version 0.28-a0-48-gfd831c5874 (webtiles) character file.

Game seed: 1067628502895955628

3 flotson the Sneak (level 1, 0/18 HPs)
             Began as a Demonspawn Delver on July 29, 2021.
             Killed from afar by an orc wizard (7 damage)
             ... with a puff of flame
             ... on level 4 of the Dungeon.
             The game lasted 00:01:00 (401 turns).

flotson the Sneak (Demonspawn Delver)                Turns: 401, Time: 00:01:01

Health: 0/18       AC:  8    Str: 12    XL:     1   Next: 41%
Magic:  1/1        EV:  5    Int: 11    God:
Gold:   17         SH:  0    Dex: 14    Spells: 0/0 levels left

rFire   . . .      SeeInvis .   a - +0 hand axe
rCold   . . .      Faith    .   (no shield)
rNeg    . . .      Spirit   .   h - +0 chain mail
rPois   .          Reflect  .   (no helmet)
rElec   .          Harm     .   (no cloak)
rCorr   .          Rampage  .   (no gloves)
Will    .....                   (no boots)
Stlth   ..........              (no amulet)
HPRegen 0.06/turn               (no ring)
MPRegen 0.07/turn               (no ring)

@: hasted, very quick
A: no striking features
a: no special abilities


You were on level 4 of the Dungeon.
You visited 1 branch of the dungeon, and saw 2 of its levels.

You collected 17 gold pieces.

Inventory:

Hand Weapons
 a - a +0 hand axe (weapon)
Armour
 h - a +0 chain mail (worn)
Wands
 g - a wand of digging (3)
Scrolls
 b - a scroll of silence {unknown}
 c - a scroll of fog
Potions
 i - a potion of invisibility {unknown}
 j - a potion of resistance {unknown}


   Skills:
 + Level 3.0 Fighting
 + Level 1.8 Axes
 + Level 0.2 Armour
 + Level 1.8 Dodging
 - Level 4.5 Stealth


You couldn't memorise any spells.
You didn't know any spells.
Your spell library was empty.

Dungeon Overview and Level Annotations

Branches:
Dungeon (5/15)
 Temple: D:4-7

Altars:
Ashenzari
Hepliaklqana


Message History

No target in view!
No target in view!
No target in view!
No target in view!
No target in view!
No target in view!
No target in view!
b - a scroll labelled CYWOPU FIU
Things that are here:
a +0 club; a goblin corpse
i - a golden potion
j - a silvery potion You hear the brisk rusting of a very distant drain.
The orc shouts!
An orc is nearby!
The orc wizard shouts!
The orc wizard gestures at you while chanting.
The puff of flame hits you!
Ouch! That really hurt!
You are too injured to fight recklessly!
You are too injured to fight recklessly!
Okay, then.
As you read the scroll of fear, it crumbles to dust.
You assume a fearsome visage.
The orc looks frightened!
The orc wizard looks frightened!
An adder comes into view.
The orc wizard casts a spell.
The orc wizard flickers and vanishes!
Deactivating autopickup; reactivate with Ctrl-A.
As you read the scroll of magic mapping, it crumbles to dust.
You feel aware of your surroundings.
You sensed 1 altar, and 1 shop/portal.
The adder hisses angrily.
You hear a shout!
You feel yourself speed up. The adder completely misses you.
The adder bites you but does no damage.
Found a stone staircase leading up and a stone staircase leading down.
A dart slug comes into view.
A puff of flame appears from out of thin air!
The puff of flame hits you!
You die...

**,,........#.## #......
*,,,...........# #......
**,,...........# #......
*,,......{.o..## #......
*,,............## #......
*,,.......S.....# #....).
*,,.............## #......
**,..............# #....§.
*,.......@......#* #.....§
*,...............**#..P...
**...............,.....P..
**...>....<..............P
*,........w.......##.§§P..
**............###****,,,*,
*#######..#### *,,,,* #..#
**,,,, *,,* *,,,,


You could see an adder, a dart slug and an orc.

Vanquished Creatures
  An orc (D:4)
  A goblin (D:4)
2 creatures vanquished.

Vanquished Creatures (others)
  4 plants (D:4)
4 creatures vanquished.

Grand Total: 6 creatures vanquished

Notes
Turn   | Place    | Note
-------+----------+-------------------------------------------
     0 | D:5      | flotson the Demonspawn Delver began the quest for the Orb.
     0 | D:5      | Reached XP level 1. HP: 18/18 MP: 1/1
    14 | D:5      | Noticed a water moccasin zombie
    24 | D:4      | Found a hazy altar of Hepliaklqana.
    45 | D:4      | Noticed an orc wizard
    53 | D:4      | Found a broken altar of Ashenzari.
   401 | D:4      | Killed from afar by an orc wizard

Illustrated notes

Levels and vault maps discovered:
D:4:      layout_cave_pods, cheibrodos_ashenzari_chains,
          nicolae_hepliaklqana_hazy_memory, nicolae_ru_the_path_less_chosen,
          lightli_sewer_entry_pipes
D:5:      layout_loops_ring, nicolae_ossuary_entry_ruins, st_stairs_12

Action                   || total
-------------------------++-------
Melee: Hand axe          ||    10
  Use: Scroll            ||     2
       Potion            ||     1
Armor: Leather armour    ||     2
       Chain mail        ||     1
Dodge: Dodged            ||     2

Table legend: (Time is in decaauts)
 A = Elapsed time spent in this place.
 B = Non-inter-level travel time spent in this place.
 C = Inter-level travel time spent in this place.
 D = Time resting spent in this place.
 E = Time spent auto-exploring this place.
 F = Levels seen in this place.
 G = Mean time per level.
                   A        B        C        D        E       F      G
               +--------+--------+--------+--------+--------+-----+--------+
         Total |    400 |    400 |      0 |      2 |    299 |   2 |  200.0 |
       Dungeon |    400 |    400 |      0 |      2 |    299 |   2 |  200.0 |
               +--------+--------+--------+--------+--------+-----+--------+

Top non-repeatable levels by time:
     D:4: 377 daAuts
     D:5: 23 daAuts
